 Dungeon Crawl Stone Soup version 0.29-a0-319-gad05b8d819 (webtiles) character file.

Game seed: 4987608815877340764

4777 kae the Arsonist (level 10, -2/59 HPs)
             Began as a Tengu Fire Elementalist on Apr 1, 2022.
             Was a Follower of Vehumet.
             Succumbed to scorpion's concentrated venom
             ... on level 8 of the Dungeon.
             The game lasted 00:10:00 (12603 turns).

kae the Arsonist (Tengu Fire Elementalist)         Turns: 12603, Time: 00:10:01

Health: -2/59      AC:  9    Str: 10    XL:     10   Next: 47%
Magic:  8/19       EV: 21    Int: 19    God:    Vehumet [*.....]
Gold:   388        SH:  0    Dex: 14    Spells: 7/20 levels left

rFire   . . .      SeeInvis .   D - +1 scimitar (flame)
rCold   . . .      Faith    .   (no shield)
rNeg    . . .      Spirit   .   a - +0 robe
rPois   .          Reflect  .   (helmet restricted)
rElec   .          Harm     .   (no cloak)
rCorr   .          Rampage  .   k - +2 pair of gloves
Will    .....                   (boots unavailable)
Stlth   ++........              (no amulet)
HPRegen 0.19/turn               h - +4 ring of protection
MPRegen 0.16/turn               u - +4 ring of evasion

@: lethally poisoned (-2 -> -24), flying quickly and evasively, slowed, very
slow
A: beak, talons 3, nimble flight
a: Renounce Religion


You were on level 8 of the Dungeon.
You worshipped Vehumet.
Vehumet was aware of your devotion.
You visited 2 branches of the dungeon, and saw 10 of its levels.
You also visited: Ossuary.

You collected 483 gold pieces.
You spent 95 gold pieces at shops.

Inventory:

Hand Weapons
 i - a +1 dagger of freezing
 q - a +3 spear
 D - a +1 scimitar of flaming (weapon)
Armour
 a - a +0 robe (worn)
 k - a +2 pair of gloves (worn)
 w - the +4 chain mail of the Saviour {Fly rElec Str-3 SInv}
   (You found it on level 4 of the Dungeon)

   Str:       It affects your strength (-3).
   rElec:     It insulates you from electricity.
   SInv:      It lets you see invisible.
   Fly:       It grants you flight.
Jewellery
 h - a +4 ring of protection (left hand)
 u - a +4 ring of evasion (right hand)
 C - a ring of positive energy
Wands
 y - a wand of iceblast (11)
 B - a wand of polymorph (8)
Scrolls
 c - 6 scrolls of teleportation
 d - a scroll of magic mapping
 n - 2 scrolls of blinking
 s - a scroll of enchant weapon
Potions
 b - a potion of magic
 e - a potion of flight
 f - 4 potions of mutation
 g - 3 potions of cancellation
 j - 4 potions of heal wounds
 l - a potion of degeneration
 m - 2 potions of invisibility
 o - 2 potions of might
 p - 3 potions of brilliance
 r - 4 potions of curing
 t - 2 potions of attraction
 x - 5 potions of lignification {unknown}
 z - a potion of haste {unknown}
 A - 2 potions of ambrosia {unknown}


   Skills:
 + Level 5.5 Fighting
 + Level 6.0 Armour
 + Level 6.6 Dodging
 - Level 2.0 Stealth
 + Level 5.5 Spellcasting
 + Level 7.5 Conjurations
 * Level 9.5 Fire Magic


You had 7 spell levels left.
You knew the following spells:

 Your Spells              Type           Power      Damage    Failure   Level
a - Foxfire               Conj/Fire      100%       2x1d9     1%          1
b - Scorch                Fire           82%        2d9       1%          2
c - Conjure Flame         Conj/Fire      37%        6-21      1%          3
d - Inner Flame           Hex/Fire       23%        N/A       4%          3
e - Flame Wave            Conj/Fire      37%        2d9       3%          4

Your spell library contained the following spells:

 Spells                   Type           Power      Damage    Failure   Level
 Freeze                   Ice            20%        1d4       12%         1
 Magic Dart               Conj           100%       1d8       1%          1
 Searing Ray              Conj           66%        2d6       1%          2
 Slow                     Hex            20%        N/A       12%         1
 Corpse Rot               Necr/Air       10%        N/A       19%         2
 Poisonous Vapours        Pois/Air       10%        N/A       19%         2
 Fulminant Prism          Conj/Hex       9%         3d7       26%         4
 Confusing Touch          Hex            5%         N/A       34%         3
 Vampiric Draining        Necr           5%         2d6       34%         3
 Yara's Violent Unravell  Hex/Tmut       2%         3d3       97%         5
 Enfeeble                 Hex            2%         N/A       100%        7


Dungeon Overview and Level Annotations

Branches:
Dungeon (9/15)             Temple (1/1) D:5         Ossuary (visited)
   Lair: D:8-11         Orc: D:9-12

Altars:
Ashenzari
Cheibriados
Dithmenos
Elyvilon
Fedhas
Gozag
Hepliaklqana
Kikubaaqudgha
Nemelex Xobeh
Okawaru
Qazlal
Ru
Sif Muna
Trog
Uskayaw
Vehumet
Wu Jian
Xom
Yredelemnul
Zin
The Shining One

Shops:
D:3 ?

Annotations:
D:5 3 runed translucent doors, exclusion: hornet, benappo's ghost, novice DjCj
D:6 6 exclusions
D:8 exclusion: hornet, Amaemon


Innate Abilities, Weirdness & Mutations

You have a beak for a mouth.
You have claws for feet.
Your magical nature lets you fly swiftly and evasively.


Message History

Amaemon claws you but does no damage. Amaemon misses you.
Unknown command.
Okay, then.
The scorpion attacks as you move away! The scorpion closely misses you.
You feel very sick. The scorpion misses you.
The scorpion completely misses you. The scorpion attacks as you move away!
The scorpion misses you.
You feel very sick.
The scorpion is no longer more vulnerable to fire.
The scorpion attacks as you move away!
The scorpion stings you but does no damage.
You feel sick.
As you read the scroll of fear, it crumbles to dust.
You assume a fearsome visage.
The scorpion looks frightened!
Amaemon easily resists.
The scorpion looks frightened!
You feel sick. The scorpion barely misses you.
The scorpion attacks as you move away! The scorpion barely misses you.
You feel sick.
You feel sick.
Casting: Scorch (safe; 1% risk of failure)
Confirm with . or Enter, or press ? or * to list all spells.
Flames lash Amaemon.
Amaemon is burned terribly!
Amaemon is almost dead.
You feel sick.
Amaemon gestures wildly while chanting.
The scorpion stings you.
You feel sick.
Cornered, the scorpion turns to fight!
The scorpion completely misses you.
Casting: Scorch (safe; 1% risk of failure)
Confirm with . or Enter, or press ? or * to list all spells.
Flames lash the scorpion.
The scorpion is moderately wounded.
The scorpion's fire resistance burns away.
You feel sick. The scorpion stings you.
* * * LOW HITPOINT WARNING * * *
You are lethally poisoned!
You have difficulty breathing.
* * * LOW HITPOINT WARNING * * *
You feel yourself slow down.
You die...

*,* #.....# #.# *.... *,* #######
#####.###.... *,*** ###########
#.......#.... ,,,[* #.........#
#.......#.... ,,*** #.........#
#.......#.... ,,****###.........#
#............
,s,,,,,...........###.......#####
*6******#........................
,Y* #.s.....@......##.####### ***
#.....6ss......##.# *
####..s........##.#
****########..#######.###.#
,,,,................#.# #.#
****########..##....#.# #.#
#...'....#.# #.#
***********##.##....#.# #.#
,,,,,,,,,,,,...',...#.# #.#


You could see Amaemon (combustible) and 4 scorpions.

Vanquished Creatures
  Pikel (D:4)
  An orange demon (D:9)
  9 yaks
  A wyvern (D:8)
  A water moccasin (D:5)
  A sky beast (D:7)
  2 ogres
  2 orc warriors
  A centaur (D:8)
  A lemure (D:3)
  6 bullfrogs
  2 necrophages
  A gnoll sergeant (D:8)
  2 water moccasin zombies (Ossuary)
  10 wights
  2 howler monkeys
  2 hounds (D:5)
  An orc priest (D:6)
  3 iguanas
  Terence (D:2)
  4 orc wizards
  2 mummies (Ossuary)
  4 gnolls (D:8)
  14 adders
  2 shadow imps
  A white imp (D:6)
  2 ufetubi
  4 adder zombies (Ossuary)
  5 worms
  4 dart slugs
  17 orcs
  7 ball pythons
  9 endoplasms
  3 giant cockroaches
  5 goblins
  5 hobgoblins
  3 jackals (D:2)
  12 kobolds
  8 quokkas
  A ball python zombie (D:2)
  4 bats (D:2)
  5 frilled lizards
  A giant cockroach zombie (D:2)
  A gnoll zombie (Ossuary)
  6 hobgoblin zombies (Ossuary)
  5 kobold zombies (Ossuary)
  An orc zombie (Ossuary)
  4 rats
189 creatures vanquished.

Vanquished Creatures (others)
  674 foxfires
674 creatures vanquished.

Grand Total: 863 creatures vanquished

Notes
Turn   | Place    | Note
-------+----------+-------------------------------------------
     0 | D:1      | kae the Tengu Fire Elementalist began the quest for the
                  | Orb.
     0 | D:1      | Reached XP level 1. HP: 10/10 MP: 4/4
   125 | D:1      | Reached XP level 2. HP: 15/15 MP: 1/6
   602 | D:1      | Reached XP level 3. HP: 12/20 MP: 0/7
  1202 | D:2      | Reached skill level 1 in Armour
  1286 | D:2      | Reached skill level 4 in Fire Magic
  1405 | D:2      | Reached skill level 1 in Fighting
  1405 | D:2      | Reached XP level 4. HP: 22/25 MP: 2/8
  2486 | D:2      | Noticed Terence
  2491 | D:2      | Learned a level 2 spell: Scorch
  2495 | D:2      | Learned a level 3 spell: Conjure Flame
  2754 | D:2      | Gained mutation: Your magical nature lets you fly swiftly
                  | and evasively. [Tengu growth]
  2754 | D:2      | Reached XP level 5. HP: 29/29 MP: 6/9
  3212 | D:2      | Killed Terence
  3517 | D:3      | Found a faded altar of an unknown god.
  3538 | D:3      | Found Icrys's Magic Scroll Shoppe.
  3546 | D:3      | Bought a scroll of blinking for 75 gold pieces
  3546 | D:3      | Bought a scroll of identify for 20 gold pieces
  4109 | D:4      | Found a shadowy altar of Dithmenos.
  4109 | D:4      | Found a hide-covered altar of Uskayaw.
  4391 | D:4      | Reached XP level 6. HP: 29/35 MP: 4/11
  4450 | D:4      | Found a glowing golden altar of the Shining One.
  4608 | D:4      | Noticed Pikel
  4751 | D:4      | Found a hazy altar of Hepliaklqana.
  4751 | D:4      | Found an ornate altar of the Wu Jian Council.
  4752 | D:4      | Found a glowing silver altar of Zin.
  4752 | D:4      | Found a blossoming altar of Fedhas.
  4753 | D:4      | Found an iron altar of Okawaru.
  4769 | D:4      | Reached skill level 5 in Fire Magic
  5314 | D:4      | Found a sparkling altar of Nemelex Xobeh.
  5400 | D:4      | Found a snail-covered altar of Cheibriados.
  5642 | D:4      | Killed Pikel
  5643 | D:4      | Reached skill level 6 in Fire Magic
  5643 | D:4      | Reached XP level 7. HP: 8/40 MP: 3/13
  5956 | D:4      | Identified the +4 chain mail of the Saviour {Fly rElec
                  | Str-3 SInv}
  5999 | D:5      | Entered Level 5 of the Dungeon
  6015 | D:5      | Found a sand-covered staircase.
  6020 | Ossuary  | Entered an ossuary
  6085 | Ossuary  | Reached XP level 8. HP: 46/46 MP: 1/14
  6651 | D:5      | Found a runed translucent gate.
  6651 | D:5      | Found a runed translucent gate.
  6653 | D:5      | Found a runed translucent gate.
  6654 | D:5      | Noticed benappo's ghost (novice DjCj)
  7004 | D:5      | Reached skill level 5 in Conjurations
  7329 | D:5      | Found a staircase to the Ecumenical Temple.
  7364 | D:5      | Noticed a hornet
  8029 | Temple   | Entered the Ecumenical Temple
  8159 | Temple   | Became a worshipper of Vehumet
  8216 | D:6      | Reached skill level 7 in Fire Magic
  8310 | D:6      | Found an ancient bone altar of Kikubaaqudgha.
  9042 | D:7      | Reached skill level 5 in Dodging
  9042 | D:7      | Reached XP level 9. HP: 52/52 MP: 12/16
  9046 | D:7      | Learned a level 3 spell: Inner Flame
  9051 | D:7      | Learned a level 4 spell: Flame Wave
 10032 | D:8      | Noticed a hornet
 10119 | D:8      | Reached skill level 8 in Fire Magic
 10366 | D:8      | Reached skill level 5 in Armour
 10369 | D:8      | Reached * piety under Vehumet
 10369 | D:8      | Offered knowledge of Freeze by Vehumet.
 10765 | D:8      | Found an opulent altar of Gozag.
 10990 | D:8      | Reached skill level 5 in Fighting
 10990 | D:8      | Reached skill level 5 in Spellcasting
 10995 | D:8      | Reached XP level 10. HP: 40/59 MP: 18/18
 11013 | D:8      | Reached skill level 9 in Fire Magic
 12245 | D:9      | Noticed an orange demon
 12250 | D:9      | Noticed Amaemon
 12256 | D:9      | Killed an orange demon
 12603 | D:8      | Succumbed to scorpion's concentrated venom

Illustrated notes

Levels and vault maps discovered:
D:1:      minmay_arrival_solitary_statue, layout_loops_ring
D:2:      minmay_skewed_foursquare, layout_basic, serial_undead,
          serial_undead_f, serial_undead_e, serial_undead_b, serial_undead_b,
          uniq_terence
D:3:      layout_rooms, shapermc_ecumenical_altar_venn, serial_shops,
          nicolae_shop_stone, minmay_cupped
D:4:      layout_rooms, nemelex_dance_club_becter, marbit_many_paths,
          grunt_temple_overflow_open, minmay_pentomino_pile, uniq_pikel
D:5:      layout_cave_pools, minmay_temple_entry_from_below_a, enter_ossuary_2,
          gammafunk_ghost_split, minivault_5, minmay_puff
D:6:      layout_cave_pools, mainiacjoe_overflow_alcove_1,
          serial_co_window_serial, co_window_corner_a, co_window_paths_b,
          co_window_paths_b, co_window_paths_a, co_window_paths_b,
          co_window_corner_a, co_window_paths_a, co_window_broadway_b,
          co_window_corner_cb, co_window_broadway_a, co_window_corner_cb,
          co_window_paths_e, glass_columns_a, glass_columns_b, glass_columns_a,
          glass_columns_a, minmay_misc_feat_more_columns
D:7:      layout_rooms
D:8:      layout_basic, grunt_gozag_statues
D:9:      layout_small_grid, minmay_shop_damaged, uniq_amaemon
Temple:   nicolae_temple_figure_zero

Skill      XL: |  1  2  3  4  5  6  7  8  9 10 |
---------------+-------------------------------+-----
Conjurations   | 2 3 4 5 6 7 |  7.5
Armour         | 1 2 3 4 5 6 |  6.0
Fire Magic     | 4 6 7 8 9 |  9.5
Fighting       | 1 2 3 5 |  5.5
Dodging        | 3 4 5 6 |  6.6
Spellcasting   | 3 4 5 |  5.5
Stealth        | |  2.0

Action                   |  1- 3 |  4- 6 |  7- 9 | 10-12 || total
-------------------------+-------+-------+-------+-------++-------
Melee: Unarmed           |     5 |       |       |       ||     5
       Dagger            |    15 |    60 |    16 |       ||    91
       Kick              |     5 |    14 |    11 |     7 ||    37
       Peck              |     1 |     7 |     9 |     3 ||    20
       Punch             |       |       |     1 |       ||     1
       Scimitar          |       |       |    20 |    13 ||    33
 Cast: Foxfire           |    56 |   155 |   169 |    12 ||   392
       Scorch            |       |    18 |    52 |    33 ||   103
       Conjure Flame     |       |     3 |     7 |     6 ||    16
  Use: Scroll            |     5 |    10 |     7 |     3 ||    25
Armor: Robe              |     3 |    24 |    30 |    16 ||    73
Dodge: Dodged            |    23 |    70 |   133 |    88 ||   314

Table legend: (Time is in decaauts)
 A = Elapsed time spent in this place.
 B = Non-inter-level travel time spent in this place.
 C = Inter-level travel time spent in this place.
 D = Time resting spent in this place.
 E = Time spent auto-exploring this place.
 F = Levels seen in this place.
 G = Mean time per level.
                   A        B        C        D        E       F      G
               +--------+--------+--------+--------+--------+-----+--------+
         Total |  12155 |  11694 |    461 |   1159 |   8482 |  11 | 1105.0 |
       Dungeon |  11564 |  11126 |    438 |   1159 |   8034 |   9 | 1284.9 |
        Temple |    126 |    104 |     22 |      0 |    102 |   1 |  126.0 |
       Ossuary |    464 |    464 |      0 |      0 |    345 |   1 |  464.0 |
               +--------+--------+--------+--------+--------+-----+--------+

Top non-repeatable levels by time:
     D:2: 2227 daAuts
     D:8: 2012 daAuts
     D:3: 1369 daAuts
     D:7: 1333 daAuts
     D:4: 1205 daAuts
     D:5: 1192 daAuts
     D:1: 1066 daAuts
     D:6: 971 daAuts
 Ossuary: 464 daAuts
     D:9: 186 daAuts
  Temple: 126 daAuts
